 Dungeon Crawl Stone Soup version 0.28-a0-589-g333b8329f1 (webtiles) character file.

Game seed: 8313261246267904861

5083 kipponium the Cleaver (level 10, 0/82 HPs)
             Began as a Gnoll Cinder Acolyte on Oct 3, 2021.
             Was a Follower of Ignis.
             Slain by a hell rat (15 damage)
             ... on level 8 of the Dungeon.
             The game lasted 00:30:46 (8685 turns).

kipponium the Cleaver (Gnoll Cinder Acolyte)        Turns: 8685, Time: 00:30:46

Health: 0/82       AC:  9    Str: 14    XL:     10   Next: 57%
Magic:  12/28      EV: 12    Int: 17    God:    Ignis [*.....]
Gold:   877        SH:  4    Dex:  7    Spells: 14/21 levels left

rFire   + . .      SeeInvis +   a - -1 hand axe (flame)
rCold   . . .      Faith    .   K - +0 buckler
rNeg    . . .      Spirit   .   H - +2 robe {Will+}
rPois   .          Reflect  .   g - +0 helmet
rElec   .          Harm     .   P - +1 cloak
rCorr   .          Rampage  .   O - +0 pair of gloves
Will    +....                   (no boots)
Stlth   +++.......              q - amulet of regeneration
HPRegen 1.23/turn               l - ring of see invisible
MPRegen 0.21/turn               B - ring of magical power

@: lethally poisoned (0 -> -4), slowed, very slow
A: fangs 1, strong nose, distributed training
a: Renounce Religion, Sea of Fire, Foxfire Swarm


You were on level 8 of the Dungeon.
You worshipped Ignis.
Ignis was aware of your devotion.
You visited 1 branch of the dungeon, and saw 8 of its levels.

You collected 877 gold pieces.

Inventory:

Hand Weapons
 a - a -1 hand axe of flaming (weapon)
 d - a +0 hunting sling
 J - a +4 spear of freezing
Missiles
 e - 5 curare-tipped darts
 p - 3 atropa-tipped darts
 s - 140 stones (quivered)
 y - 8 poisoned darts
Armour
 b - a +0 robe
 g - a +0 helmet (worn)
 j - a +0 leather armour
 C - a scarf of resistance
 H - a +2 robe of willpower (worn)
 K - a +0 buckler (worn)
 O - a +0 pair of gloves (worn)
 P - a +1 cloak (worn)
Magical Staves
 k - a staff of death
Jewellery
 l - a ring of see invisible (left hand)
 q - an amulet of regeneration (around neck)
 B - a ring of magical power (right hand)
Wands
 t - a wand of digging (5)
 D - a wand of polymorph (14)
 G - a wand of acid (10)
 M - a wand of paralysis (10)
Scrolls
 f - 3 scrolls of magic mapping
 m - 2 scrolls of summoning {unknown}
 o - 3 scrolls of amnesia {unknown}
 v - 2 scrolls of silence {unknown}
 x - 2 scrolls of fog {unknown}
 A - 3 scrolls of teleportation {unknown}
 F - 2 scrolls of vulnerability {unknown}
 I - 2 scrolls of holy word {unknown}
 L - a scroll of acquirement {unknown}
 N - a scroll of brand weapon {unknown}
Potions
 c - 2 potions of might {unknown}
 h - 2 potions of mutation {unknown}
 i - a potion of attraction
 n - a potion of heal wounds
 r - a potion of flight {unknown}
 u - a potion of cancellation {unknown}
 w - a potion of degeneration {unknown}
 z - 2 potions of curing
 E - a potion of haste


   Skills:
 + Level 8.6 Fighting
 + Level 5.4 Short Blades
 + Level 5.4 Long Blades
 + Level 8.6 Axes
 + Level 5.4 Maces & Flails
 + Level 5.4 Polearms
 + Level 5.4 Staves
 + Level 5.4 Slings
 + Level 5.4 Bows
 + Level 5.4 Crossbows
 + Level 5.4 Throwing
 + Level 5.4 Armour
 + Level 5.4 Dodging
 + Level 5.4 Stealth
 + Level 5.4 Shields
 + Level 5.4 Unarmed Combat
 + Level 6.1 Spellcasting
 + Level 4.4 Conjurations
 + Level 4.4 Hexes
 + Level 4.4 Summonings
 + Level 4.4 Necromancy
 + Level 4.4 Translocations
 + Level 4.4 Transmutations
 + Level 7.1 Fire Magic
 + Level 4.4 Ice Magic
 + Level 4.4 Air Magic
 + Level 4.4 Earth Magic
 + Level 4.4 Poison Magic
 + Level 5.9 Invocations
 + Level 5.4 Evocations


You had 14 spell levels left.
You knew the following spells:

 Your Spells              Type           Power      Damage    Failure   Level
a - Scorch                Fire           58%        2d8       1%          2
b - Inner Flame           Hex/Fire       25%        N/A       3%          3
c - Ensorcelled Hibernat  Hex/Ice        40%        N/A       3%          2

Your spell library contained the following spells:

 Spells                   Type           Power      Damage    Failure   Level
 Passwall                 Tmut/Erth      16%        N/A       3%          2
 Spider Form              Tmut/Pois      10%        N/A       6%          3
 Swiftness                Air            20%        N/A       6%          3
 Cause Fear               Hex            10%        N/A       21%         4
 Fulminant Prism          Conj/Hex       10%        3d9       21%         4
 Iskenderun's Mystic Bla  Conj/Tloc      20%        2d6       21%         4
 Lee's Rapid Deconstruct  Erth           10%        3d9*      50%         5
 Invisibility             Hex            10%        N/A       97%         6
 Discord                  Hex            10%        N/A       100%        8


Dungeon Overview and Level Annotations

Branches:
Dungeon (8/15)             Temple (0/1) D:7
   Lair: D:8-11

Altars:
Elyvilon
Fedhas
Gozag
Hepliaklqana
Okawaru
Qazlal
Ru
Sif Muna
Vehumet
Xom
Yredelemnul
The Shining One


Innate Abilities, Weirdness & Mutations

You have very sharp teeth.
Your uncanny sense of smell can sniff out nearby items.
Your experience applies equally to all skills.


Message History

Aiming: Inner Flame (mildly dangerous; 3% risk of failure)
Press: ? - help, Shift-Dir - straight line, f - hornet
Aim: a hornet (severely wounded, chance to affect: 74%)
The hornet struggles to resist.
You feel very sick. The hornet stings you!
You are more poisoned.
You feel as though you will be slow longer.
The hornet stings you!
You are more poisoned.
You feel as though you will be slow longer.
The hornet stings you but does no damage.
Casting: Inner Flame (mildly dangerous; 3% risk of failure)
Confirm with . or Enter, or press ? or * to list all spells.
Flames lash the quokka.
The quokka is almost dead.
The quokka's fire resistance burns away.
You feel extremely sick.
You hear a bellow!
The hornet stings you!
You suddenly lose the ability to move!
A rat comes into view.
The hornet stings you.
You feel as though you will be slow longer.
You feel very sick. The hornet stings you.
* * * LOW HITPOINT WARNING * * *
You feel as though you will be slow longer.
You can move again.
Aiming: Corrosive Bolt
Press: ? - help, Shift-Dir - straight line, f - quokka, p - hornet
Aim: a quokka (almost dead, more vulnerable to fire, 64% to hit)
The bolt of acid hits the hornet!
The acid corrodes the hornet!
You kill the hornet!
The bolt of acid misses the hell rat.
The bolt of acid hits the quokka!
The acid corrodes the quokka!
You kill the quokka!
You feel very sick.
You hear a bellow!
The hell rat bites you!
You die...

.. .# .## ∆
∆ ..# ..# #
..#
#.#######'#
#..<..@r††#
#.#######r#
# ... rr#.#
... ... ..
#.# ...# #.
... ....
#.# ..###
#.#


You could see a hell rat and a rat.

Vanquished Creatures
  A two-headed ogre (D:6)
  2 cyclopes (D:6)
  A hornet (D:8)
  Sigmund (D:4)
  A wraith (D:6)
  A shadow (D:6)
  Eustachio (D:6)
  Menkaure (D:4)
  An acid dragon (D:6)
  3 water moccasins (D:6)
  A black bear (D:6)
  An orc warrior (D:6)
  2 ice beasts
  2 sky beasts (D:6)
  3 ogres
  A necrophage (D:6)
  2 centaurs
  2 phantoms (D:6)
  Blork the orc (D:6)
  2 bullfrogs
  A gnoll sergeant (D:7)
  A wyvern zombie (D:7)
  A scorpion (D:5)
  A wyvern skeleton (D:7)
  5 killer bees (D:8)
  A centaur zombie (D:6)
  4 hounds
  2 jellies
  Crazy Yiuf (D:7)
  3 bullfrog skeletons
  2 centaur skeletons
  Ijyb (D:3)
  4 iguanas
  Natasha (twice) (D:3)
  A hound zombie (D:5)
  A hound skeleton (D:4)
  An adder (D:2)
  5 gnolls (D:7)
  A shadow imp (D:6)
  A white imp (D:6)
  An ufetubus (D:6)
  4 worms
  8 orcs
  7 ball pythons
  6 endoplasms
  2 giant cockroaches (D:3)
  18 goblins
  2 hobgoblins (D:4)
  7 jackals
  5 kobolds
  4 quokkas
  3 bats
  A frilled lizard (D:3)
  4 rats
141 creatures vanquished.

Vanquished Creatures (others)
  143 foxfires
  4 fungi (D:7)
147 creatures vanquished.

Grand Total: 288 creatures vanquished

Notes
Turn   | Place    | Note
-------+----------+-------------------------------------------
     0 | D:1      | kipponium the Gnoll Cinder Acolyte began the quest for the
                  | Orb.
     0 | D:1      | Reached XP level 1. HP: 23/23 MP: 4/4
   262 | D:1      | Reached XP level 2. HP: 9/29 MP: 5/5
   270 | D:1      | Learned a level 2 spell: Scorch
  1240 | D:2      | Reached XP level 3. HP: 35/35 MP: 1/7
  1885 | D:2      | Reached skill level 1 in Invocations
  2101 | D:2      | Found a faded altar of an unknown god.
  2132 | D:2      | Found a radiant altar of Vehumet.
  2305 | D:3      | Found a basalt altar of Yredelemnul.
  2506 | D:3      | Reached skill level 1 in Short Blades
  2506 | D:3      | Reached skill level 1 in Long Blades
  2506 | D:3      | Reached skill level 1 in Maces & Flails
  2506 | D:3      | Reached skill level 1 in Polearms
  2506 | D:3      | Reached skill level 1 in Staves
  2506 | D:3      | Reached skill level 1 in Slings
  2506 | D:3      | Reached skill level 1 in Bows
  2506 | D:3      | Reached skill level 1 in Crossbows
  2506 | D:3      | Reached skill level 1 in Throwing
  2506 | D:3      | Reached skill level 1 in Armour
  2506 | D:3      | Reached skill level 1 in Dodging
  2506 | D:3      | Reached skill level 1 in Stealth
  2506 | D:3      | Reached skill level 1 in Shields
  2506 | D:3      | Reached skill level 1 in Unarmed Combat
  2506 | D:3      | Reached skill level 1 in Evocations
  2582 | D:3      | Reached XP level 4. HP: 37/41 MP: 4/8
  2730 | D:3      | Noticed Ijyb
  2745 | D:3      | Killed Ijyb
  2746 | D:3      | Reached skill level 1 in Conjurations
  2746 | D:3      | Reached skill level 1 in Hexes
  2746 | D:3      | Reached skill level 1 in Summonings
  2746 | D:3      | Reached skill level 1 in Necromancy
  2746 | D:3      | Reached skill level 1 in Translocations
  2746 | D:3      | Reached skill level 1 in Transmutations
  2746 | D:3      | Reached skill level 1 in Ice Magic
  2746 | D:3      | Reached skill level 1 in Air Magic
  2746 | D:3      | Reached skill level 1 in Earth Magic
  2746 | D:3      | Reached skill level 1 in Poison Magic
  3248 | D:3      | Noticed Natasha
  3251 | D:3      | Killed Natasha
  3252 | D:3      | Reached XP level 5. HP: 47/47 MP: 4/9
  3477 | D:3      | Noticed Natasha
  3485 | D:3      | Killed Natasha
  3826 | D:4      | Noticed Sigmund
  3836 | D:4      | Killed Sigmund
  3837 | D:4      | Reached XP level 6. HP: 53/53 MP: 1/11
  3929 | D:4      | Noticed Menkaure
  3936 | D:4      | Killed Menkaure
  3937 | D:4      | Reached XP level 7. HP: 35/60 MP: 2/12
  4656 | D:4      | Found a blossoming altar of Fedhas.
  4658 | D:4      | Found a shimmering altar of Xom.
  4659 | D:4      | Found a hazy altar of Hepliaklqana.
  4670 | D:4      | Found a white marble altar of Elyvilon.
  4674 | D:4      | Found a glowing golden altar of the Shining One.
  5213 | D:5      | Entered Level 5 of the Dungeon
  5729 | D:5      | Reached XP level 8. HP: 67/67 MP: 14/14
  6110 | D:5      | Learned a level 3 spell: Inner Flame
  6271 | D:6      | Found a shimmering blue altar of Sif Muna.
  6624 | D:6      | Noticed Eustachio
  6635 | D:6      | Killed Eustachio
  6650 | D:6      | Found an opulent altar of Gozag.
  6653 | D:6      | Reached XP level 9. HP: 72/72 MP: 16/16
  7021 | D:7      | Reached skill level 5 in Spellcasting
  7130 | D:6      | Learned a level 2 spell: Ensorcelled Hibernation
  7138 | D:6      | Noticed a cyclops
  7149 | D:6      | Killed a cyclops
  7216 | D:6      | Noticed a two-headed ogre
  7217 | D:6      | Reached skill level 5 in Invocations
  7226 | D:6      | Killed a two-headed ogre
  7227 | D:6      | Reached skill level 5 in Short Blades
  7227 | D:6      | Reached skill level 5 in Long Blades
  7227 | D:6      | Reached skill level 5 in Maces & Flails
  7227 | D:6      | Reached skill level 5 in Polearms
  7227 | D:6      | Reached skill level 5 in Staves
  7227 | D:6      | Reached skill level 5 in Slings
  7227 | D:6      | Reached skill level 5 in Bows
  7227 | D:6      | Reached skill level 5 in Crossbows
  7227 | D:6      | Reached skill level 5 in Throwing
  7227 | D:6      | Reached skill level 5 in Armour
  7227 | D:6      | Reached skill level 5 in Dodging
  7227 | D:6      | Reached skill level 5 in Stealth
  7227 | D:6      | Reached skill level 5 in Shields
  7227 | D:6      | Reached skill level 5 in Unarmed Combat
  7227 | D:6      | Reached skill level 5 in Evocations
  7227 | D:6      | Reached XP level 10. HP: 27/81 MP: 1/18
  7455 | D:6      | Noticed Blork the orc
  7460 | D:6      | Killed Blork the orc
  7919 | D:7      | Noticed a manticore
  8018 | D:6      | Noticed a cyclops
  8027 | D:6      | Killed a cyclops
  8253 | D:7      | Found a staircase to the Ecumenical Temple.
  8282 | D:7      | Found a stormy altar of Qazlal.
  8288 | D:7      | Found an iron altar of Okawaru.
  8448 | D:7      | Found a sacrificial altar of Ru.
  8525 | D:7      | Found a runed translucent door.
  8526 | D:7      | Noticed Crazy Yiuf
  8534 | D:7      | Killed Crazy Yiuf
  8599 | D:8      | Noticed a death yak
  8683 | D:8      | Paralysed by a hornet for 2 turns
  8685 | D:8      | Slain by a hell rat

Illustrated notes

Levels and vault maps discovered:
D:1:      onia_arrival_mini_spirals, layout_loops_ring, moated_statue
D:2:      layout_basic, shapermc_ecumenical_altar_mp_highgroup, basic_altar
D:3:      kennysheep_goblin_castle, layout_loops_corners, amcnicky_altar_gilded,
          grunt_decor_arrowhead, uniq_natasha
D:4:      layout_layer_cave, minmay_overflow_temple_star_hex, uniq_sigmund,
          uniq_menkaure
D:5:      layout_basic
D:6:      minmay_klotski, layout_cave_pools, kennysheep_little_box,
          nicolae_gozag_cash_rules_everything_around_me, uniq_eustachio,
          uniq_blork_the_orc
D:7:      layout_rooms, mainiacjoe_overflow_small_starburst,
          nicolae_qazlal_general_emergency, kennysheep_okawaru_gauntlet,
          temple_statues, uniq_crazy_yiuf_cottage
D:8:      layout_basic, mainiacjoe_overflow_six_doors_small,
          mainiacjoe_overflow_chevrons, dpeg_lair_monsters, grunt_ministairs_4

Skill      XL: |  1  2  3  4  5  6  7  8  9 10 |
---------------+-------------------------------+-----
Invocations    | 1 2 3 4 5 |  5.9
Short Blades   | 1 2 3 5 |  5.4
Long Blades    | 1 2 3 5 |  5.4
Maces & Flails | 1 2 3 5 |  5.4
Polearms       | 1 2 3 5 |  5.4
Staves         | 1 2 3 5 |  5.4
Slings         | 1 2 3 5 |  5.4
Bows           | 1 2 3 5 |  5.4
Crossbows      | 1 2 3 5 |  5.4
Throwing       | 1 2 3 5 |  5.4
Armour         | 1 2 3 5 |  5.4
Dodging        | 1 2 3 5 |  5.4
Stealth        | 1 2 3 5 |  5.4
Shields        | 1 2 3 5 |  5.4
Unarmed Combat | 1 2 3 5 |  5.4
Evocations     | 1 2 3 5 |  5.4
Spellcasting   | 3 4 5 6 |  6.1
Conjurations   | 1 2 3 4 |  4.4
Hexes          | 1 2 3 4 |  4.4
Summonings     | 1 2 3 4 |  4.4
Necromancy     | 1 2 3 4 |  4.4
Translocations | 1 2 3 4 |  4.4
Transmutations | 1 2 3 4 |  4.4
Ice Magic      | 1 2 3 4 |  4.4
Air Magic      | 1 2 3 4 |  4.4
Earth Magic    | 1 2 3 4 |  4.4
Poison Magic   | 1 2 3 4 |  4.4
Fighting       | 7 8 |  8.6
Axes           | 7 8 |  8.6
Fire Magic     | 6 7 |  7.1

Action                   |  1- 3 |  4- 6 |  7- 9 | 10-12 || total
-------------------------+-------+-------+-------+-------++-------
Melee: Hand axe          |    68 |    26 |    31 |    19 ||   144
       Bite              |     5 |     3 |     2 |     3 ||    13
       Punch             |       |       |       |     1 ||     1
Throw: Stone             |       |       |     1 |       ||     1
 Cast: Scorch            |    24 |    32 |   102 |    49 ||   207
       Inner Flame       |       |       |     3 |     3 ||     6
       Ensorcelled Hiber |       |       |       |     9 ||     9
Invok: Sea of Fire       |     1 |       |     2 |       ||     3
       Foxfire Swarm     |       |     1 |     7 |       ||     8
Evoke: Wand              |       |       |     2 |     2 ||     4
  Use: Scroll            |       |       |     4 |       ||     4
 Stab: Sleeping          |     1 |       |       |     1 ||     2
Armor: Robe              |     8 |       |       |    11 ||    19
       Leather armour    |     8 |     8 |    27 |       ||    43
Dodge: Dodged            |    42 |    13 |    55 |    29 ||   139
Block: Buckler           |       |       |       |     8 ||     8

Table legend: (Time is in decaauts)
 A = Elapsed time spent in this place.
 B = Non-inter-level travel time spent in this place.
 C = Inter-level travel time spent in this place.
 D = Time resting spent in this place.
 E = Time spent auto-exploring this place.
 F = Levels seen in this place.
 G = Mean time per level.
                   A        B        C        D        E       F      G
               +--------+--------+--------+--------+--------+-----+--------+
         Total |   8683 |   8420 |    263 |   2414 |   4235 |   8 | 1085.4 |
       Dungeon |   8683 |   8420 |    263 |   2414 |   4235 |   8 | 1085.4 |
               +--------+--------+--------+--------+--------+-----+--------+

Top non-repeatable levels by time:
     D:6: 1679 daAuts
     D:3: 1508 daAuts
     D:4: 1399 daAuts
     D:1: 1291 daAuts
     D:2: 1011 daAuts
     D:5: 917 daAuts
     D:7: 835 daAuts
     D:8: 40 daAuts
